| TOP OF THE 1ST |
|
Hamilton Cardinals batting - Pitching for Southern Maryland Blue Crabs : RHP Vincent Maris
|
|
Pitching: RHP Vincent Maris
|
|
|
Batting: RHB Jonathan Winkler
|
0-0: Ball 1-0: Foul Ball, location: 2F 1-1: SINGLE (Flyball, 78S, EV 94.4 MPH)
|
|
Batting: RHB Juan Carrillo
|
0-0: Ball 1-0: Called Strike Jonathan Winkler is caught stealing 2nd base 2-4 1-1: Swinging Strike 1-2: Ball 2-2: SOLO HOME RUN (Flyball, 7D, EV 98.8 MPH), Distance : 387 ft
|
|
Batting: LHB Pete Mitchell
|
0-0: Ball 1-0: Called Strike 1-1: Ball 2-1: Foul Ball, location: 2F 2-2: Strikes out swinging
|
|
Batting: RHB Pablo Nunez
|
0-0: Foul Ball, location: 2F 0-1: SINGLE (Groundball, 6M, EV 102.5 MPH) (infield hit)
|
|
Batting: LHB Rafael Banda
|
0-0: Ball 1-0: Fly out, F5 (Line Drive, 5, EV 67.5 MPH)
|
| Top of the 1st over - 1 run, 3 hits, 0 errors, 1 left on base; Hamilton 1 - Southern Maryland 0 |
| BOTTOM OF THE 1ST |
|
Southern Maryland Blue Crabs batting - Pitching for Hamilton Cardinals : RHP Ryan Zart
|
|
Pitching: RHP Ryan Zart
|
|
|
Batting: LHB Stu Proulx
|
0-0: Foul Ball, location: 2F 0-1: Ball 1-1: Ball 2-1: Swinging Strike 2-2: Strikes out looking and he ARGUES THE CALL AND IS TOSSED!
|
|
Batting: RHB Adam Beal
|
0-0: Ball 1-0: Ball 2-0: Ground out 6-3 (Groundball, 56, EV 111.9 MPH)
|
|
Batting: LHB Sam Hontz
|
0-0: Called Strike 0-1: Foul Ball, location: 2F 0-2: Fly out, F9 (Flyball, 89XD, EV 96.9 MPH)
|
| Bottom of the 1st over - 0 runs, 0 hits, 0 errors, 0 left on base; Hamilton 1 - Southern Maryland 0 |
| TOP OF THE 2ND |
|
Hamilton Cardinals batting - Pitching for Southern Maryland Blue Crabs : RHP Vincent Maris
|
|
Now in CF: Jeff Parlo
|
|
|
Batting: SHB Jae-hong Kym
|
0-0: Ball 1-0: Called Strike 1-1: Ball 2-1: Reached on error, E3 (Groundball, 3, EV 96.9 MPH)
|
|
Batting: SHB Brad Meyer
|
0-0: Called Strike 0-1: Foul Ball, location: 2F 0-2: Ball 1-2: Foul Ball, location: 2F 1-2: Ball 2-2: Fielders Choice at 2nd, 4-6 (Groundball, 34, EV 86.2 MPH)
|
|
Now at 2B: Sam Parra
|
|
|
Now at SS: Eddie Morin
|
|
|
Batting: SHB Felipe Campanella
|
0-0: Called Strike 0-1: Called Strike 0-2: Strikes out looking
|
|
Batting: RHB Dan Wages
|
0-0: Foul Ball, location: 2F 0-1: Ball 1-1: Ball 2-1: Ball 3-1: Fly out, F8 (Flyball, 89M, EV 92.5 MPH)
|
| Top of the 2nd over - 0 runs, 0 hits, 1 error, 1 left on base; Hamilton 1 - Southern Maryland 0 |
| BOTTOM OF THE 2ND |
|
Southern Maryland Blue Crabs batting - Pitching for Hamilton Cardinals : RHP Ryan Zart
|
|
Batting: RHB Sam Parra
|
0-0: Called Strike 0-1: SINGLE (Groundball, 56D, EV 103.1 MPH)
|
|
Batting: RHB Eddie Morin
|
0-0: Called Strike 0-1: Foul Ball, location: 2F 0-2: Ball 1-2: Foul Ball, location: 2F 1-2: Foul Ball, location: 2F 1-2: Ball 2-2: Strikes out swinging
|
|
Batting: RHB Josh Ludwig
|
0-0: Swinging Strike 0-1: Called Strike 0-2: Ball 1-2: Strikes out looking
|
|
Batting: SHB John Hiles
|
0-0: Ball 1-0: Ball 2-0: Ball 3-0: Foul Ball, location: 2F 3-1: Foul Ball, location: 2F 3-2: Base on Balls Sam Parra to second
|
|
Batting: RHB Willie Carmona
|
0-0: Ball 1-0: Ball 2-0: Fly out, F8 (Flyball, 8LD, EV 94.4 MPH)
|
| Bottom of the 2nd over - 0 runs, 1 hit, 0 errors, 2 left on base; Hamilton 1 - Southern Maryland 0 |
| TOP OF THE 3RD |
|
Hamilton Cardinals batting - Pitching for Southern Maryland Blue Crabs : RHP Vincent Maris
|
|
Batting: RHB Jonathan Winkler
|
0-0: Ball 1-0: Foul Ball, location: 2F 1-1: Ball 2-1: SINGLE (Flyball, 89S, EV 85.6 MPH)
|
|
Batting: RHB Juan Carrillo
|
0-0: Ball Jonathan Winkler steals 2nd base 1-0: Fly out, F9 (Flyball, 89M, EV 83.1 MPH)
|
|
Batting: LHB Pete Mitchell
|
0-0: Called Strike 0-1: Ball 1-1: Fly out, F8 (Flyball, 89M, EV 85.6 MPH)
|
|
Batting: RHB Pablo Nunez
|
0-0: Ball 1-0: Ball 2-0: DOUBLE (Flyball, 78XD, EV 102.5 MPH) Jonathan Winkler scores
|
|
Batting: LHB Rafael Banda
|
0-0: Ball 1-0: Called Strike 1-1: Foul Ball, location: 2F 1-2: Strikes out swinging
|
| Top of the 3rd over - 1 run, 2 hits, 0 errors, 1 left on base; Hamilton 2 - Southern Maryland 0 |
| BOTTOM OF THE 3RD |
|
Southern Maryland Blue Crabs batting - Pitching for Hamilton Cardinals : RHP Ryan Zart
|
|
Batting: RHB David Gomez
|
0-0: Called Strike 0-1: Ball 1-1: Called Strike 1-2: Ground out 5-3 (Groundball, 56S, EV 91.2 MPH)
|
|
Batting: RHB Jeff Parlo
|
0-0: Ball 1-0: Fly out, F7 (Line Drive, 7LM, EV 97.5 MPH)
|
|
Batting: RHB Adam Beal
|
0-0: Called Strike 0-1: Foul Ball, location: 2F 0-2: Ball 1-2: Fly out, F8 (Flyball, 8LXD, EV 96.2 MPH)
|
| Bottom of the 3rd over - 0 runs, 0 hits, 0 errors, 0 left on base; Hamilton 2 - Southern Maryland 0 |
| TOP OF THE 4TH |
|
Hamilton Cardinals batting - Pitching for Southern Maryland Blue Crabs : RHP Vincent Maris
|
|
Pitching: RHP Vince Buxton
|
|
|
Batting: SHB Jae-hong Kym
|
0-0: Foul Ball, location: 2F 0-1: SINGLE (Line Drive, 9LS, EV 99.4 MPH)
|
|
Batting: SHB Brad Meyer
|
0-0: Ball 1-0: Foul Ball, location: 2F 1-1: Swinging Strike 1-2: Fly out, F6 (Popup, 6D, EV 50.0 MPH)
|
|
Batting: SHB Felipe Campanella
|
0-0: Called Strike 0-1: Ball 1-1: Ball 2-1: Fly out, F5 (Popup, 5SF, EV 81.2 MPH)
|
|
Batting: RHB Dan Wages
|
0-0: Ball 1-0: Foul Ball, location: 2F 1-1: Foul Ball, location: 2F 1-2: Ball 2-2: Foul Ball, location: 2F 2-2: Strikes out swinging
|
| Top of the 4th over - 0 runs, 1 hit, 0 errors, 1 left on base; Hamilton 2 - Southern Maryland 0 |
| BOTTOM OF THE 4TH |
|
Southern Maryland Blue Crabs batting - Pitching for Hamilton Cardinals : RHP Ryan Zart
|
|
Batting: LHB Sam Hontz
|
0-0: Called Strike 0-1: Foul Ball, location: 2F 0-2: Strikes out swinging
|
|
Batting: RHB Sam Parra
|
0-0: Ball 1-0: Foul Ball, location: 2F 1-1: Ball 2-1: Foul Ball, location: 2F 2-2: Strikes out swinging
|
|
Batting: RHB Eddie Morin
|
0-0: Ball 1-0: Called Strike 1-1: Ball 2-1: Ball 3-1: Called Strike 3-2: Strikes out looking
|
| Bottom of the 4th over - 0 runs, 0 hits, 0 errors, 0 left on base; Hamilton 2 - Southern Maryland 0 |
| TOP OF THE 5TH |
|
Hamilton Cardinals batting - Pitching for Southern Maryland Blue Crabs : RHP Vince Buxton
|
|
Batting: RHB Jonathan Winkler
|
0-0: Called Strike 0-1: Fly out, F9 (Flyball, 9, EV 94.4 MPH)
|
|
Batting: RHB Juan Carrillo
|
0-0: Fly out, F8 (Flyball, 8LD, EV 78.8 MPH)
|
|
Batting: LHB Pete Mitchell
|
0-0: Ball 1-0: SINGLE (Groundball, 5D, EV 106.9 MPH)
|
|
Batting: RHB Pablo Nunez
|
0-0: Foul Ball, location: 2F 0-1: Called Strike 0-2: Ball 1-2: SINGLE (Flyball, 7LM, EV 85.0 MPH) Pete Mitchell to second
|
|
Batting: LHB Rafael Banda
|
0-0: Ball 1-0: Called Strike 1-1: Fly out, F7 (Flyball, 7LSF, EV 87.5 MPH)
|
| Top of the 5th over - 0 runs, 2 hits, 0 errors, 2 left on base; Hamilton 2 - Southern Maryland 0 |
| BOTTOM OF THE 5TH |
|
Southern Maryland Blue Crabs batting - Pitching for Hamilton Cardinals : RHP Ryan Zart
|
|
Batting: RHB Josh Ludwig
|
0-0: Ball 1-0: Foul Ball, location: 2F 1-1: Ball 2-1: Swinging Strike 2-2: Ball 3-2: Strikes out swinging
|
|
Batting: SHB John Hiles
|
0-0: Swinging Strike 0-1: Called Strike 0-2: Ball 1-2: Ball 2-2: Ball 3-2: Strikes out swinging
|
|
Batting: RHB Willie Carmona
|
0-0: Foul Ball, location: 2F 0-1: Ball 1-1: Swinging Strike 1-2: Foul Ball, location: 2F 1-2: Ball 2-2: Strikes out looking
|
| Bottom of the 5th over - 0 runs, 0 hits, 0 errors, 0 left on base; Hamilton 2 - Southern Maryland 0 |
| TOP OF THE 6TH |
|
Hamilton Cardinals batting - Pitching for Southern Maryland Blue Crabs : RHP Vince Buxton
|
|
Batting: SHB Jae-hong Kym
|
0-0: Ball 1-0: Fly out, F7 (Flyball, 7, EV 80.6 MPH)
|
|
Batting: SHB Brad Meyer
|
0-0: Ball 1-0: Ball 2-0: Called Strike 2-1: Foul Ball, location: 2F 2-2: Ball 3-2: DOUBLE (Line Drive, 78XD, EV 96.9 MPH)
|
|
Batting: SHB Felipe Campanella
|
0-0: Ball 1-0: Foul Ball, location: 2F 1-1: Ball 2-1: Ball 3-1: Ground out 1-3 (Groundball, P, EV 70.6 MPH) Brad Meyer to third
|
|
Batting: RHB Dan Wages
|
0-0: Ball 1-0: Ball 2-0: Fly out, F8 (Flyball, 8RD, EV 94.4 MPH)
|
| Top of the 6th over - 0 runs, 1 hit, 0 errors, 1 left on base; Hamilton 2 - Southern Maryland 0 |
| BOTTOM OF THE 6TH |
|
Southern Maryland Blue Crabs batting - Pitching for Hamilton Cardinals : RHP Ryan Zart
|
|
Batting: RHB David Gomez
|
0-0: Called Strike 0-1: Foul Ball, location: 2F 0-2: Ball 1-2: Ball 2-2: Strikes out looking
|
|
Pitching: RHP Morgan Phang
|
|
|
Batting: RHB Jeff Parlo
|
0-0: Ball 1-0: Called Strike 1-1: Called Strike 1-2: Foul Ball, location: 2F 1-2: Ball 2-2: Ground out 5-3 (Groundball, 56S, EV 89.4 MPH)
|
|
Batting: RHB Adam Beal
|
0-0: Ball 1-0: Called Strike 1-1: Ball 2-1: Called Strike 2-2: SINGLE (Groundball, 4MD, EV 94.4 MPH)
|
|
Batting: LHB Sam Hontz
|
0-0: Ball 1-0: Ball 2-0: Ball 3-0: Called Strike 3-1: Base on Balls Adam Beal to second
|
|
Batting: RHB Sam Parra
|
0-0: Called Strike 0-1: Ground out 4-3 (Groundball, 4, EV 88.8 MPH)
|
| Bottom of the 6th over - 0 runs, 1 hit, 0 errors, 2 left on base; Hamilton 2 - Southern Maryland 0 |
| TOP OF THE 7TH |
|
Hamilton Cardinals batting - Pitching for Southern Maryland Blue Crabs : RHP Vince Buxton
|
|
Batting: RHB Jonathan Winkler
|
0-0: Called Strike 0-1: Fly out, F9 (Flyball, 9D, EV 85.6 MPH)
|
|
Batting: RHB Juan Carrillo
|
0-0: Bunt for hit to 15S - play at first, batter OUT! 1-3
|
|
Batting: LHB Pete Mitchell
|
0-0: Ball 1-0: Ball 2-0: Ball 3-0: Called Strike 3-1: Ground out 4-3 (Groundball, 4, EV 84.4 MPH)
|
| Top of the 7th over - 0 runs, 0 hits, 0 errors, 0 left on base; Hamilton 2 - Southern Maryland 0 |
| BOTTOM OF THE 7TH |
|
Southern Maryland Blue Crabs batting - Pitching for Hamilton Cardinals : RHP Morgan Phang
|
|
Batting: RHB Eddie Morin
|
0-0: Ball 1-0: Ball 2-0: Ball 3-0: Base on Balls
|
|
Batting: RHB Josh Ludwig
|
0-0: Called Strike Eddie Morin steals 2nd base 0-1: Fly out, F8 (Flyball, 8LD, EV 96.2 MPH) Runner from 2nd tags up, SAFE at 3rd with throw by CF
|
|
Batting: SHB John Hiles
|
0-0: Called Strike 0-1: Called Strike 0-2: Fly out, F9 (Flyball, 9LSF, EV 77.5 MPH)
|
|
Batting: RHB Willie Carmona
|
0-0: Ball 1-0: Foul Ball, location: 2F 1-1: Ball 2-1: Swinging Strike 2-2: Strikes out swinging
|
| Bottom of the 7th over - 0 runs, 0 hits, 0 errors, 1 left on base; Hamilton 2 - Southern Maryland 0 |
| TOP OF THE 8TH |
|
Hamilton Cardinals batting - Pitching for Southern Maryland Blue Crabs : RHP Vince Buxton
|
|
Pitching: RHP Lorenz Sponneck
|
|
|
Batting: RHB Pablo Nunez
|
0-0: Called Strike 0-1: Ball 1-1: Ball 2-1: Ball 3-1: SINGLE (Flyball, 9LM, EV 92.5 MPH) - OUT at second base trying to stretch hit.
|
|
Batting: LHB Rafael Banda
|
0-0: Ball 1-0: Ball 2-0: Called Strike 2-1: Foul Ball, location: 2F 2-2: Strikes out swinging, 2-3 out at first.
|
|
Batting: SHB Jae-hong Kym
|
0-0: Ball 1-0: Called Strike 1-1: Ball 2-1: Swinging Strike 2-2: Ball 3-2: Strikes out swinging
|
| Top of the 8th over - 0 runs, 1 hit, 0 errors, 0 left on base; Hamilton 2 - Southern Maryland 0 |
| BOTTOM OF THE 8TH |
|
Southern Maryland Blue Crabs batting - Pitching for Hamilton Cardinals : RHP Morgan Phang
|
|
Batting: LHB Taylor Plummer
|
0-0: Ball 1-0: Ground out 6-3 (Groundball, 6, EV 104.4 MPH)
|
|
Batting: RHB Jeff Parlo
|
0-0: Ground out U3 (Groundball, 34S, EV 88.8 MPH)
|
|
Batting: RHB Adam Beal
|
0-0: Called Strike 0-1: Swinging Strike 0-2: Ball 1-2: Ball 2-2: Foul Ball, location: 2F 2-2: Ground out 6-3 (Groundball, 56, EV 106.9 MPH)
|
| Bottom of the 8th over - 0 runs, 0 hits, 0 errors, 0 left on base; Hamilton 2 - Southern Maryland 0 |
| TOP OF THE 9TH |
|
Hamilton Cardinals batting - Pitching for Southern Maryland Blue Crabs : RHP Lorenz Sponneck
|
|
Batting: SHB Brad Meyer
|
0-0: Called Strike 0-1: Fly out, F9 (Flyball, 9, EV 77.5 MPH)
|
|
Batting: SHB Felipe Campanella
|
0-0: Called Strike 0-1: Called Strike 0-2: Ball 1-2: Ground out 6-3 (Groundball, 6, EV 98.8 MPH)
|
|
Pinch Hitting: SHB Kelly Brooks
|
0-0: Called Strike 0-1: Ball 1-1: Ball 2-1: Ground out 1-3 (Groundball, 13S, EV 75.0 MPH)
|
| Top of the 9th over - 0 runs, 0 hits, 0 errors, 0 left on base; Hamilton 2 - Southern Maryland 0 |
| BOTTOM OF THE 9TH |
|
Southern Maryland Blue Crabs batting - Pitching for Hamilton Cardinals : RHP Morgan Phang
|
|
Pitching: RHP David Lopez
|
|
|
Now at 2B: Oscar Higareda
|
|
|
Batting: LHB Sam Hontz
|
0-0: Swinging Strike 0-1: Swinging Strike 0-2: Strikes out swinging
|
|
Pinch Hitting: RHB Mike King
|
0-0: Called Strike 0-1: Swinging Strike 0-2: Ball 1-2: Strikes out swinging
|
|
Batting: RHB Eddie Morin
|
0-0: Foul Ball, location: 2F 0-1: Ground out 6-3 (Groundball, 6, EV 83.1 MPH)
|
| Bottom of the 9th over - 0 runs, 0 hits, 0 errors, 0 left on base; Hamilton 2 - Southern Maryland 0 |
|